AoeStats
← RD | Omaradames

African Clearing

506413622Analyzed
3v3 RM · 17d ago on Sep 13, 2026· 39m 15s· 6 players
Game mode
Random Map
Map size
Normal (6 player)
Population
200
Speed
Normal
Resources
Standard
Victory
Conquest
Starting age
Dark Age
Ending age
Imperial Age
RankedLock teamsTeams togetherTeam positionsShared explorationLock speedFull tech treeHidden civsTurbo modeCheats
Victory
Defeat
🇩🇪 Saracens · Germany
1414
+15
🇨🇳 Maya · China
1366
+17
🇪🇸 Mongols · Spain
1361
+17
🇩🇴 Italians · Dominican Republic
1414
-17
🇩🇴 Magyars · Dominican Republic
1387
-16
🇩🇴 Goths · Dominican Republic
1381
-16
CARANZA
3:10 Loom
3:18 Loom
13:08 Feudal Age
13:39 Double-Bit Axe
17:58 Castle Age
16:30 Stone Mining
17:47 Gold Mining
18:59 Bow Saw
19:19 Fletching
25:08 Wheelbarrow
24:54 Horse Collar
25:40 Bodkin Arrow
28:26 Padded Archer Armor
28:51 Bloodlines
29:36 Husbandry
30:39 Leather Archer Armor
35:30 Imperial Age
34:19 Heavy Plow
36:28 Gold Shaft Mining
36:30 Stone Shaft Mining
36:19 Bracer
36:46 Parthian Tactics
37:05 Elite Mangudai
eraycoskun33
7:38 Loom
13:36 Feudal Age
14:19 Horse Collar
15:27 Double-Bit Axe
17:23 Forging
17:35 Scale Barding Armor
22:47 Castle Age
21:38 Stone Mining
21:40 Horse Collar
22:47 Wheelbarrow
26:49 Gold Mining
28:28 Bow Saw
28:41 Heavy Plow
28:46 Town Watch
33:11 Fletching
33:08 Elite Skirmisher
37:35 Imperial Age
34:51 Crossbowman
35:41 Bodkin Arrow
37:56 Thumb Ring
38:30 Gold Shaft Mining
37:43 Arbalester
38:46 Ballistics
39:28 Bracer
西门大官人
4:46 Loom
11:28 Feudal Age
12:49 Double-Bit Axe
16:02 Castle Age
17:42 Horse Collar
24:14 Wheelbarrow
26:21 Gold Mining
26:23 Stone Mining
28:13 Hand Cart
33:33 Imperial Age
31:22 Scale Mail Armor
32:10 Forging
31:22 Eagle Warrior
32:03 Squires
31:50 Arson
32:31 Chain Mail Armor
32:49 Town Watch
33:40 Iron Casting
33:51 Fletching
33:36 Elite Eagle Warrior
34:47 Holcans
34:39 Conscription
35:09 Plate Mail Armor
36:33 Blast Furnace
36:09 Bodkin Arrow
36:34 Pikeman
37:24 Bracer
37:37 Padded Archer Armor
39:40 Ballistics
40:20 Chemistry
40:39 Chemistry
RD | Omaradames
5:08 Loom
15:08 Feudal Age
16:29 Double-Bit Axe
20:25 Castle Age
18:44 Stone Mining
19:41 Scale Mail Armor
22:44 Bow Saw
24:55 Horse Collar
25:44 Gold Mining
27:03 Forging
26:56 Squires
27:25 Pikeman
28:06 Town Watch
31:57 Wheelbarrow
34:33 Hand Cart
37:32 Imperial Age
35:10 Man-at-Arms
36:07 Chain Mail Armor
36:01 Fletching
35:51 Long Swordsman
RD | Drakes
3:34 Loom
13:21 Feudal Age
14:17 Double-Bit Axe
18:23 Castle Age
17:26 Horse Collar
17:39 Stone Mining
18:36 Wheelbarrow
19:26 Gold Mining
23:44 Fletching
27:47 Bodkin Arrow
32:52 Padded Archer Armor
37:28 Imperial Age
35:49 Silk Road
36:25 Leather Archer Armor
36:54 Town Watch
37:26 Hand Cart
RD | Nfasis
3:48 Loom
13:02 Feudal Age
18:13 Castle Age
16:32 Double-Bit Axe
20:54 Horse Collar
26:53 Bow Saw
31:05 Husbandry
31:35 Scale Barding Armor
32:34 Bloodlines
35:04 Wheelbarrow
34:15 Town Watch
35:07 Chain Barding Armor
Connection lost

Rejoining the realm…

Still unreachable

The connection could not be restored.

Session expired

The server has moved on; the page needs a fresh start.